 Dungeon Crawl Stone Soup version 0.24.0-123-gd5b16e6ec5 (webtiles) character file.

Game seed: 836654440620150447, levelgen mode: deterministic

55582 Ponchio the Eclecticist (level 14, -3/82 HPs)
             Began as a Deep Elf Earth Elementalist on Jan 21, 2020.
             Was a High Priest of Vehumet.
             Slain by a white ugly thing (30 damage)
             ... on level 12 of the Dungeon.
             The game lasted 02:09:04 (26263 turns).

Ponchio the Eclecticist (DEEE)                     Turns: 26263, Time: 02:09:04

Health: -3/82      AC:  8    Str:  5    XL:     14   Next: 38%
Magic:  14/37      EV: 19    Int: 31    God:    Vehumet [*****.]
Gold:   1619       SH:  5    Dex: 15    Spells: 30/48 levels left

rFire    + . .     SeeInvis .   r - +6 dagger (venom)
rCold    . . .     Gourm    .   B - +0 buckler of the Archfiend {+Blink}
rNeg     . . .     Faith    .   u - +2 robe {MR+}
rPois    .         Spirit   .   q - +2 hat {MR+}
rElec    .         Reflect  .   C - scarf {cloud immunity}
rCorr    .         Harm     +   z - +1 pair of gloves
MR       +++..                  A - +0 pair of boots
Stlth    ++........             j - amulet of harm
HPRegen  0.23/turn              x - +5 ring of intelligence
MPRegen  0.25/turn              I - ring of protection from fire

@: no status effects
A: deformed body, wild magic 1
a: Renounce Religion, Evoke Blink


You were on level 12 of the Dungeon.
You worshipped Vehumet.
Vehumet was extremely pleased with you.
You were hungry.

You visited 5 branches of the dungeon, and saw 22 of its levels.

You collected 2154 gold pieces.
You spent 535 gold pieces at shops.

Inventory:

Hand Weapons
 r - a +6 dagger of venom (weapon)
Missiles
 b - 180 stones (quivered)
 L - 14 boomerangs of dispersal
Armour
 k - the +18 shield of the Gong {rElec rN+ MR+ EV-5}
   (You found it on level 10 of the Dungeon)

   It affects your evasion (-5).
   It insulates you from electricity.
   It protects you from negative energy.
   It affects your resistance to hostile enchantments.
 q - a +2 hat of magic resistance (worn)
 u - a +2 robe of magic resistance (worn)
 z - a +1 pair of gloves (worn)
 A - a +0 pair of boots (worn)
 B - the +0 buckler of the Archfiend (worn) {+Blink}
   (You found it on level 1 of the Lair of Beasts)

   It lets you blink.
 C - a scarf of cloud immunity (worn)
Jewellery
 j - an amulet of harm (around neck)
 o - a +1 ring of evasion
 x - a +5 ring of intelligence (left hand)
 I - a ring of protection from fire (right hand)
Wands
 c - a wand of paralysis (6)
 h - a wand of flame (33)
 m - a wand of scattershot (3)
 D - a wand of iceblast (4)
Scrolls
 e - 8 scrolls of remove curse
 f - 12 scrolls of identify
 l - 4 scrolls of fear
 t - 3 scrolls of magic mapping
 w - 2 scrolls of fog
 y - a scroll of teleportation
 F - a scroll of summoning {unknown}
Potions
 a - 5 potions of brilliance
 g - 6 potions of lignification
 i - 3 potions of cancellation
 n - 4 potions of heal wounds
 p - 4 potions of curing
 s - 2 potions of haste
 v - 2 potions of invisibility
 E - a potion of agility {unknown}
Comestibles
 d - 32 rations


   Skills:
 - Level 7.4 Fighting
 - Level 10.1 Dodging
 - Level 2.4 Stealth
 - Level 4.1 Shields
 + Level 17.8 Spellcasting
 - Level 4.7 Hexes
 - Level 1.1 Transmutations
 - Level 15.6 Earth Magic
 + Level 7.5 Evocations


You had 30 spell levels left.
You knew the following spells:

 Your Spells              Type           Power        Failure   Level  Hunger
a - Sandblast             Erth           ######       1%          1    None
b - Passwall              Tmut/Erth      #######.     1%          2    None
c - Stone Arrow           Conj/Erth      ######       1%          3    None
d - Petrify               Tmut/Erth      #######.     1%          4    None
e - Lee's Rapid Deconstr  Erth           ########..   1%          5    None
f - Confuse               Hex            ######..     1%          3    None

Your spell library contained the following spells:

 Spells                   Type           Power        Failure   Level  Hunger
 Poison Arrow             Conj/Pois      #####.....   54%         6    None
 Confusing Touch          Hex            ######       1%          1    None
 Flame Tongue             Conj/Fire      #####        1%          1    None
 Shock                    Conj/Air       ####         1%          1    None
 Static Discharge         Conj/Air       #####...     1%          3    None
 Summon Butterflies       Summ           #####...     3%          1    None
 Cause Fear               Hex            ######....   3%          4    None
 Swiftness                Chrm/Air       #####...     4%          2    None
 Yara's Violent Unravell  Hex/Tmut       ######....   4%          5    None
 Airstrike                Air            #####.....   5%          4    None
 Call Canine Familiar     Summ           #####...     7%          3    None
 Gell's Gravitas          Tloc           #####.....   7%          3    None
 Lightning Bolt           Conj/Air       #####.....   14%         5    None
 Summon Ice Beast         Ice/Summ       #####...     21%         4    None
 Metabolic Englaciation   Hex/Ice        ######....   22%         5    None
 Summon Mana Viper        Hex/Summ       ######..     22%         5    None
 Bolt of Fire             Conj/Fire      #####.....   54%         6    None
 Dragon Form              Tmut           #####.....   100%        7    ####...
 Summon Hydra             Summ           #####.....   100%        7    ####...
 Dragon's Call            Summ           #####.....   100%        9    #######


Dungeon Overview and Level Annotations

Branches:
Dungeon (12/15)            Temple (1/1) D:4            Lair (6/6) D:8
 Shoals (0/4) Lair:4        Snake (0/4) Lair:2        Slime (0/5) Lair:6
    Orc (2/2) D:9             Elf (1/3) Orc:2

Altars:
Ashenzari
Cheibriados
Dithmenos
Elyvilon
Fedhas
Gozag
Hepliaklqana
Kikubaaqudgha
Makhleb
Nemelex Xobeh
Okawaru
Qazlal
Ru
Sif Muna
Trog
Uskayaw
Vehumet
Wu Jian
Xom
Yredelemnul
Zin
The Shining One
Beogh
Jiyva

Shops:
D:9 =   Orc:2 (*}(

Annotations:
Lair:1 3 runed translucent doors, luthanos's ghost, novice GrFi
Lair:5 1 runed translucent door, Ruewk's ghost, journeyman CeAM
Orc:1 2 transporters, Pyfesofoi's ghost, journeyman DsGl


Innate Abilities, Weirdness & Mutations

Armour fits poorly on your strangely shaped body.
Your spells are a little harder to cast, but a little more powerful.


Message History

The white ugly thing misses you.
Casting: Sandblast (safe; 1% risk of failure)
Confirm with . or Enter, or press ? or * to list all spells.
Aiming: Sandblast (safe; 1% risk of failure)
Press: ? - help, Shift-Dir - straight line, f/p - white ugly thing
Aim: a white ugly thing (severely wounded)
The blast of sand hits the white ugly thing.
The white ugly thing is severely wounded.
b - 181 stones The white ugly thing misses you.
Casting: Sandblast (safe; 1% risk of failure)
Confirm with . or Enter, or press ? or * to list all spells.
Aiming: Sandblast (safe; 1% risk of failure)
Press: ? - help, Shift-Dir - straight line, f/p - white ugly thing
Aim: a white ugly thing (severely wounded)
The blast of sand hits the white ugly thing!
The white ugly thing is almost dead.
b - 180 stones The white ugly thing stings you!
The white ugly thing freezes you!!
You die...

#..........#
#..........####
#####..))..........
...[[))..........?
...............##
...............#
.....).........#
............)).u..#
..........######@.#
..........# #..#######
..........# #†........
......g...# #..[......
..........# #..######
..[.......######..#
..................#
................†.#########
####..####................#


You could see a white ugly thing.

Vanquished Creatures
  Kirke (D:12)
  Gastronok (Lair:1)
  An orc warlord (Orc:1)
  Snorg (Lair:4)
  A merfolk avatar (Lair:6)
  4 two-headed ogres
  7 orc high priests (Orc:2)
  Nergalle (D:12)
  A sea snake (Lair:6)
  2 obsidian statues (D:10)
  2 orc knights
  4 deep elf magi
  An orc sorcerer (Orc:2)
  2 ugly things (D:12)
  4 elephants
  A merfolk siren (Lair:4)
  2 black mambas
  9 spiny frogs
  3 rime drakes
  14 komodo dragons
  3 trolls
  4 merfolk
  3 hornets
  18 blink frogs
  5 polar bears
  Prince Ribbit (D:8)
  7 hippogriffs
  2 dream sheep (Lair:6)
  2 wind drakes (Lair:6)
  34 yaks
  A vampire (D:9)
  2 basilisks
  4 hogs (D:12)
  5 wyverns
  A hungry ghost (D:8)
  7 wargs
  A soldier ant (D:11)
  10 water moccasins
  6 porcupines
  A black bear (D:9)
  A necrophage (D:8)
  6 sky beasts
  A hornet zombie (D:12)
  13 ogres
  16 orc warriors
  An ice beast (D:8)
  A phantom (D:9)
  6 wolves (Lair:4)
  4 centaurs
  12 crocodiles
  A big kobold (D:10)
  10 bullfrogs
  A gnoll sergeant (D:12)
  2 scorpions
  5 killer bees (D:12)
  4 wights (D:7)
  3 electric eels
  6 howler monkeys
  9 crimson imps
  5 centaur zombies
  A bullfrog zombie (D:5)
  2 jellies (D:8)
  A quasit (D:7)
  A gnoll shaman (D:6)
  8 hounds
  36 orc priests
  3 centaur skeletons
  17 orc wizards
  A bullfrog skeleton (D:9)
  6 iguanas
  4 hell rats (Lair:6)
  6 worker ants
  2 hound zombies
  A howler monkey zombie (D:10)
  2 worker ant zombies
  7 gnolls
  A howler monkey skeleton (D:8)
  11 adders
  5 shadow imps
  An ooze (D:1)
  An adder skeleton (D:4)
  A dart slug (D:1)
  8 leopard geckos
  96 orcs
  3 ball pythons
  6 giant cockroaches
  5 goblins
  7 hobgoblins
  7 jackals
  7 quokkas
  7 bats
  8 frilled lizards
  A jackal zombie (D:5)
  15 kobolds
  A leopard gecko skeleton (D:4)
  5 rats
  2 plants
582 creatures vanquished.

Vanquished Creatures (others)
  2 humans (D:12)
  2 orc priests (D:12)
  2 gnolls (D:12)
  An orc (D:12)
  5 fungi
  10 plants
22 creatures vanquished.

Grand Total: 604 creatures vanquished

Notes
Turn   | Place    | Note
-------+----------+-------------------------------------------
     0 | D:1      | Ponchio the Deep Elf Earth Elementalist began the quest for
                  | the Orb.
     0 | D:1      | Reached XP level 1. HP: 10/10 MP: 6/6
   315 | D:1      | Reached XP level 2. HP: 15/15 MP: 5/8
   806 | D:2      | Reached XP level 3. HP: 19/19 MP: 1/10
   818 | D:2      | Reached skill level 4 in Spellcasting
   903 | D:2      | Learned a level 2 spell: Passwall
   907 | D:2      | Learned a level 3 spell: Stone Arrow
  1255 | D:2      | Reached XP level 4. HP: 20/24 MP: 10/12
  1881 | D:3      | Reached skill level 5 in Earth Magic
  1890 | D:3      | Noticed an ogre
  1965 | D:2      | Learned a level 4 spell: Petrify
  2331 | D:3      | Reached XP level 5. HP: 24/28 MP: 10/13
  2427 | D:3      | Killed an ogre
  2427 | D:3      | Reached skill level 5 in Spellcasting
  2775 | D:3      | Gained mutation: Armour fits poorly on your strangely
                  | shaped body. [potion of mutation]
  2775 | D:3      | Gained mutation: You are partially covered in rugged brown
                  | scales. (AC +1, +3% HP) [potion of mutation]
  2776 | D:3      | Lost mutation: Armour fits poorly on your strangely shaped
                  | body. [potion of mutation]
  2776 | D:3      | Lost mutation: You are partially covered in rugged brown
                  | scales. (AC +1, +3% HP) [potion of mutation]
  2776 | D:3      | Gained mutation: Armour fits poorly on your strangely
                  | shaped body. [potion of mutation]
  2776 | D:3      | Gained mutation: Your spells are a little harder to cast,
                  | but a little more powerful. [potion of mutation]
  2809 | D:4      | Reached XP level 6. HP: 32/32 MP: 14/16
  2816 | D:4      | Learned a level 5 spell: Lee's Rapid Deconstruction
  3190 | D:4      | Reached skill level 6 in Spellcasting
  3258 | D:4      | Found a staircase to the Ecumenical Temple.
  3268 | Temple   | Entered the Ecumenical Temple
  3383 | Temple   | Became a worshipper of Vehumet
  3611 | D:4      | Reached XP level 7. HP: 36/36 MP: 15/18
  3960 | D:5      | Entered Level 5 of the Dungeon
  4036 | D:5      | Reached skill level 7 in Spellcasting
  4143 | D:5      | Found a shimmering altar of Xom.
  4259 | D:5      | Reached skill level 8 in Spellcasting
  4423 | D:5      | Reached XP level 8. HP: 41/41 MP: 18/22
  4530 | D:5      | Reached skill level 9 in Spellcasting
  4578 | D:5      | Reached * piety under Vehumet
  4578 | D:5      | Offered knowledge of Flame Tongue by Vehumet.
  4971 | D:6      | Found an iron altar of Okawaru.
  5187 | D:6      | Got a clouded amethyst amulet
  5273 | D:6      | Reached skill level 10 in Spellcasting
  5650 | D:6      | Reached skill level 11 in Spellcasting
  5937 | D:6      | Found a snail-covered altar of Cheibriados.
  6160 | D:7      | Identified the amulet of Yptoit {Gourm Str+4 Dex+4} (You
                  | found it on level 6 of the Dungeon)
  6226 | D:7      | Reached skill level 12 in Spellcasting
  6549 | D:7      | Reached XP level 9. HP: 18/45 MP: 19/27
  7230 | D:8      | Reached skill level 13 in Spellcasting
  7287 | D:8      | Reached skill level 1 in Fighting
  7295 | D:8      | Learned a level 3 spell: Confuse
  7479 | D:8      | Reached ** piety under Vehumet
  7479 | D:8      | Offered knowledge of Throw Flame by Vehumet.
  7600 | D:8      | Noticed Prince Ribbit
  7605 | D:8      | Killed Prince Ribbit
  7925 | D:8      | Found a staircase to the Lair.
  8158 | Lair:1   | Entered Level 1 of the Lair of Beasts
  8416 | Lair:1   | Reached skill level 5 in Dodging
  8446 | Lair:1   | Found a runed translucent gate.
  8446 | Lair:1   | Found a runed translucent gate.
  8446 | Lair:1   | Found a runed translucent gate.
  8524 | Lair:1   | Noticed a rime drake
  8532 | Lair:1   | Noticed a rime drake
  8546 | Lair:1   | Noticed a rime drake
  8546 | Lair:1   | Noticed luthanos's ghost (novice GrFi)
  8558 | Lair:1   | Noticed a spiny frog
  8565 | Lair:1   | Killed a spiny frog
  8797 | Lair:1   | Noticed Gastronok
  8834 | Lair:1   | Killed Gastronok
  8834 | Lair:1   | Reached XP level 10. HP: 60/60 MP: 2/29
  9198 | Lair:1   | Got an encrusted buckler
  9204 | Lair:1   | Identified the +0 buckler of the Archfiend {+Blink} (You
                  | found it on level 1 of the Lair of Beasts)
  9666 | Lair:2   | Reached skill level 1 in Hexes
  9820 | Lair:2   | Found a staircase to the Snake Pit.
  9934 | Lair:1   | Offered knowledge of Static Discharge by Vehumet.
 10200 | Lair:2   | Reached XP level 11. HP: 67/67 MP: 21/30
 10333 | Lair:2   | You fall into a shaft and drop 2 floors!
 10829 | Lair:2   | Reached *** piety under Vehumet
 11179 | Lair:2   | Reached skill level 10 in Earth Magic
 11364 | Lair:2   | Identified a scroll of acquirement
 11620 | Lair:2   | Reached skill level 14 in Spellcasting
 11622 | Lair:2   | Offered knowledge of Mephitic Cloud by Vehumet.
 12182 | Lair:3   | Reached skill level 1 in Shields
 12973 | Lair:4   | Found a staircase to the Shoals.
 13133 | Lair:4   | Reached XP level 12. HP: 72/72 MP: 25/32
 13361 | Lair:4   | Noticed Snorg
 13364 | Lair:4   | Killed Snorg
 13964 | Lair:5   | Got an encrusted helmet
 14101 | Lair:5   | Reached **** piety under Vehumet
 14364 | Lair:5   | Found a runed translucent door.
 14484 | Lair:5   | Offered knowledge of Inner Flame by Vehumet.
 14643 | Lair:5   | Noticed Ruewk's ghost (journeyman CeAM)
 14989 | Lair:6   | Entered Level 6 of the Lair of Beasts
 15097 | Lair:6   | Reached skill level 15 in Spellcasting
 16016 | Lair:6   | Reached skill level 10 in Dodging
 16613 | Lair:6   | Reached XP level 13. HP: 33/76 MP: 19/34
 17003 | Lair:6   | Reached ***** piety under Vehumet
 17003 | Lair:6   | Offered knowledge of Irradiate by Vehumet.
 17761 | Lair:6   | Reached skill level 16 in Spellcasting
 18097 | Lair:6   | Found a staircase to the Slime Pits.
 18097 | Lair:6   | Found a viscous altar of Jiyva.
 18811 | Lair:1   | Identified the +0 helmet "Haogahoe" {rN+} (You found it on
                  | level 5 of the Lair of Beasts)
 19371 | D:9      | Found Joek's Jewellery Shop.
 19399 | D:9      | Reached skill level 1 in Evocations
 19458 | D:9      | Found a staircase to the Orcish Mines.
 19599 | Orc:1    | Entered Level 1 of the Orcish Mines
 19842 | D:9      | Bought a +5 ring of intelligence for 535 gold pieces
 20063 | Orc:1    | Found a transporter.
 20074 | Orc:1    | Noticed Pyfesofoi's ghost (journeyman DsGl)
 20116 | Orc:1    | Found a transporter.
 20116 | Orc:1    | Found a roughly hewn altar of Beogh.
 20377 | Orc:2    | Entered Level 2 of the Orcish Mines
 20472 | Orc:1    | Noticed an orc warlord
 21201 | Orc:2    | Offered knowledge of Bolt of Magma by Vehumet.
 21797 | Orc:1    | Killed an orc warlord
 21797 | Orc:1    | Reached skill level 15 in Earth Magic
 22473 | Orc:2    | Found Tunaah's Weapon Shoppe.
 22474 | Orc:2    | Found Kasestis's Gadget Shop.
 22762 | Orc:2    | Found a roughly hewn altar of Beogh.
 22784 | Orc:2    | Found a staircase to the Elven Halls.
 23165 | Orc:2    | Found Eddighiz's Antique Weapon Shop.
 23165 | Orc:2    | Found Daharuf's Assorted Antiques.
 23488 | Elf:1    | Entered Level 1 of the Elven Halls
 23671 | D:10     | Entered Level 10 of the Dungeon
 23707 | D:10     | Found the +18 shield of the Gong {rElec rN+ MR+ EV-5}
 23709 | D:10     | Offered knowledge of Poison Arrow by Vehumet.
 24283 | D:10     | Reached XP level 14. HP: 82/82 MP: 28/36
 24512 | D:10     | Reached skill level 5 in Evocations
 24996 | D:11     | Reached skill level 17 in Spellcasting
 25870 | D:12     | Noticed Kirke
 25873 | D:12     | Killed Kirke
 26224 | D:12     | Noticed Nergalle
 26230 | D:12     | Killed Nergalle
 26263 | D:12     | Slain by a white ugly thing

Levels and vault maps discovered:
D:1:      dpeg_arrival_rhombus, layout_loops_cross
D:2:      layout_basic, kennysheep_generic_room_11
D:3:      layout_basic
D:4:      layout_basic, minmay_temple_entry_mini_moons
D:5:      layout_basic, kennysheep_mini_moat, first_ration,
          nicolae_zen_rock_garden, chequers_big_river,
          corexii_item_surrounded_by_moat
D:6:      layout_loops_ring, hangedman_feature_mirror, minivault_14,
          chequers_serial_rivers_small_b
D:7:      layout_basic
D:8:      layout_gridville, lair_entry_dummy,
          hangedman_abyss_or_decor_lesser_grid, uniq_prince_ribbit1
D:9:      layout_roguey, orc_0_dummy, serial_shops, nicolae_shop_stone
D:10:     layout_stronghold, david_greed
D:11:     layout_roguey, hangedman_fish_farm
D:12:     layout_small_grid, uniq_nergalle, uniq_kirke
Temple:   nicolae_temple_the_god_donut
Lair:1:   layout_gridlike, gammafunk_ghost_icy, serial_bayou_lake_a,
          uniq_gastronok
Lair:2:   layout_regular_city, dummy_snake_entry, beast_lair_carwin_6,
          infiniplex_staircase_pool
Lair:3:   layout_chaotic_city, serial_bayou_crossing
Lair:4:   layout_cave_pods, elwin_shoals_entry_stream, uniq_snorg
Lair:5:   layout_gridlike, hellmonk_ghost_happy_afterlife
Lair:6:   gammafunk_lair_ancient_temple, layout_misc_corridors, slime_altar_1,
          chequers_serial_rivers_large_a
Orc:1:    layout_caves, gammafunk_ghost_berserking_beasts, lemuel_statue_altar
Orc:2:    st_orc_town, layout_caves
Elf:1:    minmay_elf_arrival_circle, layout_geoelf_diagonals, serial_shops,
          shop, hangedman_corner_corridor, hangedman_research_metamorphosis,
          uniq_roxanne

Skill      XL: |  1  2  3  4  5  6  7  8  9 10 11 12 13 14 |
---------------+-------------------------------------------+-----
Earth Magic    | 4 5 6 7 8 11 13 15 | 15.6
Spellcasting   | 4 5 6 8 12 13 14 15 16 17 | 17.8
Fighting       | 6 7 |  7.4
Dodging        | 6 8 10 | 10.1
Hexes          | 2 4 |  4.7
Shields        | 4 |  4.1
Evocations     | 4 7 |  7.5
Stealth        | |  2.4
Transmutations | |  1.1

Action                   |  1- 3 |  4- 6 |  7- 9 | 10-12 | 13-15 || total
-------------------------+-------+-------+-------+-------+-------++-------
Melee: Short sword       |    30 |    46 |       |       |       ||    76
       Dagger            |       |    28 |    42 |     4 |     7 ||    81
 Cast: Sandblast         |    35 |    51 |    74 |    70 |   107 ||   337
       Stone Arrow       |       |       |    32 |   159 |   279 ||   470
       Lee's Rapid Decon |       |       |    13 |    43 |    60 ||   116
       Petrify           |       |       |       |     6 |     1 ||     7
Evoke: Wand              |       |       |       |       |     2 ||     2
  Use: Scroll            |       |    12 |     7 |     7 |     4 ||    30
       Potion            |       |     2 |     1 |     1 |     3 ||     7
 Stab: Sleeping          |     2 |     4 |     1 |     2 |       ||     9
  Eat: Chunk             |       |     8 |    10 |    23 |    15 ||    56
       Ration            |       |       |     2 |     1 |     4 ||     7
Armor: Robe              |    10 |    23 |       |     9 |     4 ||    46
Dodge: Dodged            |    36 |    66 |    48 |    72 |    51 ||   273
Block: Buckler           |       |       |       |     6 |    20 ||    26
